AoeStats
← D.M.G.

Arena

510632504Analyzed
2v2 RM · 17h ago on Oct 1, 2026· 48m 43s· 4 players
Game mode
Random Map
Map size
Medium (4 player)
Population
200
Speed
Normal
Resources
Standard
Victory
Conquest
Starting age
Dark Age
Ending age
Imperial Age
RankedLock teamsTeams togetherTeam positionsShared explorationLock speedFull tech treeHidden civsTurbo modeCheats
Victory
Defeat
🇪🇸 Italians · Spain
1244
+16
🇪🇸 Spanish · Spain
1226
+17
🇹🇷 Japanese · Türkiye
1264
-18
🇹🇷 Hindustanis · Türkiye
1220
-15
abenza8
10:47 Feudal Age
11:42 Double-Bit Axe
14:27 Castle Age
13:08 Horse Collar
13:15 Loom
19:16 Town Watch
23:21 Bow Saw
24:27 Wheelbarrow
29:13 Imperial Age
29:29 Fletching
32:53 Conscription
33:28 Bodkin Arrow
34:26 Bloodlines
38:35 Chemistry
40:37 Padded Archer Armor
42:06 Scale Barding Armor
42:30 Cavalier
48:24 Two-Man Saw
47:25 Heavy Plow
48:29 Chain Barding Armor
49:38 Hand Cart
Galeras
10:09 Feudal Age
13:42 Castle Age
12:20 Double-Bit Axe
13:04 Horse Collar
13:56 Loom
20:18 Fletching
22:43 Heavy Plow
28:29 Imperial Age
28:18 Bloodlines
32:06 Chemistry
31:35 Husbandry
31:32 Bodkin Arrow
32:00 Bow Saw
32:27 Scale Barding Armor
32:21 Stone Mining
32:23 Gold Mining
33:34 Bracer
34:49 Wheelbarrow
34:28 Forging
35:37 Padded Archer Armor
37:50 Ballistics
38:34 Conscription
38:31 Leather Archer Armor
39:29 Iron Casting
40:51 Cavalier
44:00 Blast Furnace
44:59 Two-Man Saw
44:31 Crop Rotation
45:22 Ring Archer Armor
44:54 Town Watch
D.M.G.
11:31 Feudal Age
16:05 Castle Age
14:42 Double-Bit Axe
14:39 Horse Collar
23:01 Elite Skirmisher
25:16 Fletching
33:41 Imperial Age
36:45 Chemistry
38:39 Bodkin Arrow
38:45 Padded Archer Armor
40:14 Bracer
40:29 Leather Archer Armor
40:58 Bow Saw
45:40 Ballistics
47:14 Forging
47:10 Scale Barding Armor
47:13 Husbandry
HT
10:41 Feudal Age
14:25 Castle Age
13:00 Double-Bit Axe
12:58 Horse Collar
13:17 Stone Mining
15:25 Bow Saw
21:43 Scale Mail Armor
23:00 Forging
23:54 Gold Mining
28:34 Chain Mail Armor
28:16 Crossbowman
28:17 Elite Skirmisher
30:23 Loom
31:14 Wheelbarrow
31:46 Gold Shaft Mining
31:08 Fletching
32:19 Town Watch
32:37 Bodkin Arrow
33:30 Padded Archer Armor
37:15 Imperial Age
35:16 Leather Archer Armor
37:35 Elite Samurai
39:39 Plate Mail Armor
39:03 Arson
39:03 Gambesons
39:19 Squires
38:43 Pikeman
39:09 Arson
39:27 Squires
39:12 Gambesons
39:24 Capped Ram
40:57 Iron Casting
41:50 Ballistics
44:29 Chemistry
48:05 Two-Man Saw
47:28 Bracer
Connection lost

Rejoining the realm…

Still unreachable

The connection could not be restored.

Session expired

The server has moved on; the page needs a fresh start.